 Dungeon Crawl Stone Soup version 0.30.1-1-g62c8e00024 (webtiles) character file.

Game seed: 9283022060103072979

8194 Gorgoleon the Fencer (level 11, 0/79 HPs)
             Began as a Merfolk Gladiator on July 17, 2023.
             Was a High Priest of Okawaru.
             Slain by a kobold brigand
             ... wielding a +0 scimitar
              (10 damage)
             ... on level 10 of the Dungeon.
             The game lasted 00:31:54 (10098 turns).

Gorgoleon the Fencer (Merfolk Gladiator)           Turns: 10098, Time: 00:31:54

Health: 0/79       AC:  5    Str: 13    XL:     11   Next: 27%
Magic:  12/12      EV: 14    Int: 13    God:    Okawaru [*****.]
Gold:   410        SH:  0    Dex: 19    Spells: 10/10 levels left

rFire   . . .        l - +8 great sword of Descent {holy, rElec rCorr Str-3 Int+6 Stlth-}
rCold   . . .        (shield currently unavailable)
rNeg    . . .        b - +1 leather armour
rPois   .            c - +0 helmet
rElec   +            j - +0 cloak
rCorr   +            B - +0 pair of gloves
SInv    .            i - +0 pair of boots
Will    .....        (no amulet) Stlth
                     (no ring)
HPRegen 0.33/turn    (no ring)
MPRegen 0.13/turn

%: no passive effects
@: corroded, slowed, very slow
A: (nimble swimmer 2), mertail
a: Renounce Religion, Heroism, Finesse, Duel


You were on level 10 of the Dungeon.
You worshipped Okawaru.
Okawaru was extremely pleased with you.
You visited 2 branches of the dungeon, and saw 11 of its levels.

You collected 663 gold pieces.
You spent 253 gold pieces at shops.

Inventory:

Hand Weapons
 a - a +2 long sword
 l - the +8 great sword of Descent (weapon) {holy, rElec rCorr Str-3 Int+6 Stlth-}
   (You bought it in a shop on level 5 of the Dungeon)

   Str:       It affects your strength (-3).
   Int:       It affects your intelligence (+6).
   rElec:     It insulates you from electricity.
   rCorr:     It protects you from acid and corrosion.
   Stlth:     It makes you less stealthy.
 n - a +2 dagger of venom
Missiles
 d - 3 throwing nets
 e - a javelin
 h - 81 stones (quivered)
 m - 34 poisoned darts
 A - 2 boomerangs
Armour
 b - a +1 leather armour (worn)
 c - a +0 helmet (worn)
 i - a +0 pair of boots (worn)
 j - a +0 cloak (worn)
 B - a +0 pair of gloves (worn)
Jewellery
 q - a ring of protection from cold
 r - an amulet of the acrobat
 y - an amulet of the acrobat
 z - a ring of flight
Wands
 u - a wand of iceblast (10)
 x - a wand of polymorph (8)
 E - a wand of mindburst (5)
 I - a wand of light (10)
Scrolls
 f - 4 scrolls of amnesia
 p - 5 scrolls of teleportation
 C - a scroll of enchant armour
 D - a scroll of fog
 G - a scroll of enchant weapon
 J - a scroll of blinking
Potions
 g - 3 potions of curing
 k - 2 potions of attraction {unknown}
 o - a potion of mutation {unknown}
 s - 2 potions of brilliance
 t - a potion of cancellation
 v - a potion of ambrosia
 w - 2 potions of might
 F - 2 potions of flight
 H - a potion of haste
 K - a potion of berserk rage


   Skills:
 - Level 5.0 Fighting
 + Level 17.7 Long Blades
 - Level 4.0 Throwing
 - Level 4.0 Armour
 - Level 5.0 Dodging
 - Level 2.0 Invocations


You had 10 spell levels left.
You didn't know any spells.
Your spell library contained the following spells:

 Spells                   Type           Power      Damage    Failure   Level
 Slow                     Hex            0%         N/A       36%         1
 Confusing Touch          Hex            0%         N/A       75%         3
 Portal Projectile        Hex/Tloc       0%         N/A       75%         3
 Vampiric Draining        Necr           0%         2d6       75%         3
 Vhi's Electric Charge    Tloc/Air       0%         N/A       75%         3
 Leda's Liquefaction      Hex/Erth       0%         N/A       98%         4
 Arcjolt                  Conj/Air       0%         1d10      100%        5
 Plasma Beam              Fire/Air       0%         2x1d11    100%        6
 Call Canine Familiar     Summ           Unusable   N/A       N/A         3

Dungeon Overview and Level Annotations

Branches:
Dungeon (10/15)            Temple (1/1) D:6            Lair (0/5) D:8
    Orc: D:9-12

Altars:
Ashenzari
Cheibriados
Dithmenos
Elyvilon
Fedhas
Gozag
Hepliaklqana
Makhleb
Nemelex Xobeh
Okawaru
Qazlal
Ru
Sif Muna
Trog
Uskayaw
Vehumet
Wu Jian
Xom
Yredelemnul
The Shining One

Shops:
D:5 [(:*(   D:8 ?

Annotations:
D:9 2 runed translucent doors


Innate Abilities, Weirdness & Mutations

((You are very nimble when in or above water. (Stealth+, EV+, Speed+++)))
Your lower body shifts to a powerful aquatic tail in water.


Message History

You have difficulty breathing.
You feel yourself slow down.
You feel very sick. The kobold brigand closely misses you.
Things that are here:
+0 acid dragon scales; an acid dragon corpse; a howler monkey corpse You slash the kobold brigand!
The kobold brigand is moderately wounded.
You feel sick. The kobold brigand closely misses you.
The kobold brigand hits you with a +0 scimitar!
You closely miss the kobold brigand.
The kobold brigand is moderately wounded.
You feel sick. The kobold brigand barely misses you.
A boulder beetle comes into view.
You closely miss the kobold brigand.
The kobold brigand is moderately wounded.
You feel sick.
The kobold brigand hits you with a +0 scimitar.
* * * LOW HITPOINT WARNING * * *
The boulder beetle curls into a ball and begins rolling!
Okay, then.
The kobold brigand attacks as you move away!
The kobold brigand hits you with a +0 scimitar!
* * * LOW HITPOINT WARNING * * *
You feel sick.
A troll comes into view.
The kobold brigand barely misses you.
You see here a troll skeleton.
You feel better.
The kobold brigand hits you with a +0 scimitar.
* * * LOW HITPOINT WARNING * * *
You hit the kobold brigand.
The kobold brigand is moderately wounded.
The kobold brigand hits you with a +0 scimitar!
* * * LOW HITPOINT WARNING * * *
The boulder beetle stops rolling and uncurls.
You closely miss the kobold brigand.
The kobold brigand is moderately wounded.
The yak bellows!
You hear a bellow! x2
The kobold brigand hits you with a +0 scimitar!
You die...

#.○..# .# !.
#Y...###.#o
#Y....>T...
####....####h#
............#)#
##.....#.#.##.#
#.#####.°B)..# #
###K#...#
#@#......T ###
#.#..###.# #<#
#.#... ..
#.#########.#####
## #......†.)..#
#############


You could see a boulder beetle, 2 yaks and a kobold brigand.

Vanquished Creatures
  2 two-headed ogres
  A cyclops (D:9)
  4 elephants (D:9)
  3 trolls (D:10)
  Sigmund (D:3)
  A wyvern (D:8)
  4 yaks (D:9)
  A wraith (D:10)
  A steam dragon (D:8)
  A vampire mosquito (D:10)
  3 acid dragons
  2 orc warriors
  2 sky beasts (D:8)
  2 ice beasts
  2 black bears
  3 centaurs
  2 phantoms
  2 bullfrogs
  5 kobold brigands
  A gnoll sergeant (D:10)
  A scorpion (D:5)
  A wight (D:8)
  9 killer bees
  6 howler monkeys
  A gnoll bouda (D:9)
  2 orc priests
  2 jellies
  4 hounds
  3 iguanas
  2 sleepcaps
  3 orc wizards (D:8)
  7 adders
  A shadow imp (D:6)
  2 white imps (D:6)
  2 worms
  3 dart slugs
  17 orcs
  4 ball pythons
  3 endoplasms
  4 giant cockroaches
  7 goblins
  6 hobgoblins
  9 jackals
  31 kobolds
  3 quokkas
  8 bats
  4 frilled lizards
  7 rats
195 creatures vanquished.

Notes
Turn   | Place    | Note
-------+----------+-------------------------------------------
     0 | D:1      | Gorgoleon the Merfolk Gladiator began the quest for the
                  | Orb.
     0 | D:1      | Reached XP level 1. HP: 16/16 MP: 1/1
    20 | D:1      | Found a faded altar of an unknown god.
    45 | D:1      | Reached skill level 4 in Long Blades
    97 | D:1      | Reached XP level 2. HP: 21/22 MP: 2/2
   226 | D:1      | Reached XP level 3. HP: 27/27 MP: 3/3
   269 | D:1      | Reached skill level 5 in Long Blades
  1229 | D:2      | Reached XP level 4. HP: 33/34 MP: 4/4
  1876 | D:3      | Noticed Sigmund
  2135 | D:3      | Found a stormy altar of Qazlal.
  2149 | D:3      | Reached skill level 1 in Armour
  2250 | D:3      | Reached XP level 5. HP: 40/40 MP: 5/5
  2292 | D:3      | Killed Sigmund
  2293 | D:3      | Reached skill level 7 in Long Blades
  2293 | D:3      | Reached XP level 6. HP: 41/47 MP: 6/6
  2409 | D:3      | Found a snail-covered altar of Cheibriados.
  2499 | D:3      | Found a blossoming altar of Fedhas.
  2997 | D:4      | Noticed a black bear
  3015 | D:4      | Killed a black bear
  3016 | D:4      | Reached skill level 8 in Long Blades
  3016 | D:4      | Reached XP level 7. HP: 50/52 MP: 7/7
  3290 | D:4      | Reached skill level 9 in Long Blades
  3572 | D:5      | Entered Level 5 of the Dungeon
  3588 | D:5      | Found Milamp's General Store.
  3716 | D:5      | Found Vodugod's Antique Weapon Shop.
  3725 | D:5      | Found Deriwor's Book Shop.
  3748 | D:5      | Bought a dazzling great sword for 253 gold pieces
  3748 | D:5      | Identified the +8 great sword of Descent {holy, rElec rCorr
                  | Str-3 Int+6 Stlth-} (You bought it in a shop on level 5 of
                  | the Dungeon)
  3886 | D:5      | Found an opulent altar of Gozag.
  4231 | D:5      | Found Bubrul's Weapon Emporium.
  4241 | D:5      | Found Vaotymor's Armour Shop.
  4424 | D:6      | Reached skill level 10 in Long Blades
  4424 | D:6      | Reached XP level 8. HP: 56/58 MP: 8/8
  4593 | D:6      | Found a burning altar of Makhleb.
  4718 | D:6      | Reached skill level 5 in Dodging
  4855 | D:6      | Found a staircase to the Ecumenical Temple.
  4883 | D:6      | Reached skill level 11 in Long Blades
  4889 | Temple   | Entered the Ecumenical Temple
  4952 | Temple   | Became a worshipper of Warmaster Okawaru
  5525 | D:7      | Reached skill level 1 in Invocations
  6228 | D:8      | Found a staircase to the Lair.
  6290 | D:8      | Reached skill level 12 in Long Blades
  6363 | D:8      | Noticed a wyvern
  6364 | D:8      | Reached XP level 9. HP: 56/63 MP: 10/10
  6371 | D:7      | Reached * piety under Okawaru
  6528 | D:8      | Found an ornate altar of the Wu Jian Council.
  6657 | D:8      | Reached skill level 13 in Long Blades
  7205 | D:8      | Found Plog's Magic Scroll Boutique.
  7277 | D:8      | Reached ** piety under Okawaru
  7780 | D:9      | Reached skill level 14 in Long Blades
  7891 | D:9      | Found a shadowy altar of Dithmenos.
  8055 | D:9      | Found a large runed translucent door.
  8056 | D:9      | Found a large runed translucent door.
  8110 | D:9      | Noticed a cyclops
  8149 | D:9      | Killed a cyclops
  8150 | D:9      | Reached XP level 10. HP: 66/73 MP: 11/11
  8487 | D:9      | Noticed an elephant
  8494 | D:9      | Killed an elephant
  8495 | D:9      | Reached skill level 5 in Fighting
  8531 | D:9      | Noticed an elephant
  8538 | D:9      | Killed an elephant
  8538 | D:9      | Reached *** piety under Okawaru
  8539 | D:9      | Reached skill level 15 in Long Blades
  8613 | D:9      | Noticed an elephant
  8622 | D:9      | Killed an elephant
  8710 | D:9      | Noticed an elephant
  8723 | D:9      | Killed an elephant
  8723 | D:9      | Reached **** piety under Okawaru
  8982 | D:9      | Found a white marble altar of Elyvilon.
  9069 | D:9      | Found a basalt altar of Yredelemnul.
  9138 | D:9      | Reached skill level 16 in Long Blades
  9412 | D:10     | Entered Level 10 of the Dungeon
  9529 | D:10     | Noticed a two-headed ogre
  9541 | D:9      | Killed a two-headed ogre
  9848 | D:10     | Reached XP level 11. HP: 60/79 MP: 12/12
  9850 | D:10     | Reached skill level 17 in Long Blades
  9871 | D:10     | Reached ***** piety under Okawaru
 10033 | D:10     | Noticed a two-headed ogre
 10041 | D:10     | Killed a two-headed ogre
 10093 | D:10     | Noticed a boulder beetle
 10098 | D:10     | Slain by a kobold brigand

Illustrated notes

Levels and vault maps discovered:
D:1:      lightli_arrival_flooded_house, layout_loops_ring,
          shapermc_ecumenical_altar_gd
D:2:      layout_basic
D:3:      layout_rooms, mainiacjoe_overflow_24_doors, lemuel_doored_altar,
          chei_slow_surprise, uniq_sigmund
D:4:      minmay_evil_eye, layout_loops_ring
D:5:      layout_basic, nicolae_gozag_seed_capital, serial_shops,
          nicolae_shop_statue_plus, nicolae_shop_waterfront,
          nicolae_shop_tiny_real_fake_doors, shop, shop
D:6:      layout_basic, mainiacjoe_overflow_paths, minmay_temple_entry_slanted
D:7:      layout_loops_ring
D:8:      layout_gridville, lemuel_crystal_altar, lair_entry_dummy,
          serial_shops, shop, minmay_starry_boxes
D:9:      wad_woods_tower, layout_layer_cave, kennysheep_ying_yang,
          nicolae_dithmenos_through_a_glass_darkly, jmf_multi_god_temple2,
          enter_bailey_2, kennysheep_generic_room_3
D:10:     nzn_winding_woodlands_small [nzn_winding_woodlands_5x15_concentric,
          nzn_winding_woodlands_center_lodge,
          nzn_winding_woodlands_5x15_sidewinder], layout_basic, david_orc_5,
          minmay_joined_circles
Temple:   jpeg_temple_clearing

Skill      XL: |  1  2  3  4  5  6  7  8  9 10 11 |
---------------+----------------------------------+-----
Long Blades    | 4 5 7 8 10 12 14 16 17 | 17.7
Armour         | 1 2 4 |  4.0
Fighting       | 3 4 5 |  5.0
Dodging        | 5 |  5.0
Invocations    | 2 |  2.0
Throwing       | 4 |  4.0

Action                     |  1- 3 |  4- 6 |  7- 9 | 10-12 || total
---------------------------+-------+-------+-------+-------++-------
  Melee: Long sword        |   130 |    94 |    59 |       ||   283
         Punch             |       |     1 |     3 |       ||     4
         Great sword       |       |       |   180 |   112 ||   292
  Throw: Stone             |       |     3 |     8 |     3 ||    14
         Javelin           |       |     1 |       |       ||     1
 Invoke: Heroism           |       |       |     1 |     1 ||     2
    Use: Scroll            |       |    12 |     6 |     1 ||    19
         Potion            |       |     1 |     5 |     1 ||     7
   Stab: Sleeping          |     3 |     2 |     1 |       ||     6
         Distracted        |       |       |     1 |       ||     1
 Armour: Leather armour    |    37 |    29 |    58 |    28 ||   152
  Dodge: Dodged            |   100 |    57 |   179 |   104 ||   440
